 Dungeon Crawl Stone Soup version 0.29-a0-542-g075992c915 (webtiles) character file.

Game seed: 1386699753500540002

20738 happo123 the Covert (level 13, -1/78 HPs)
             Began as a Kobold Enchanter on June 3, 2022.
             Was a High Priest of Wu Jian.
             Slain by a troll (9 damage)
             ... on level 1 of the Orcish Mines.
             The game lasted 01:08:22 (16480 turns).

happo123 the Covert (Kobold Enchanter)             Turns: 16480, Time: 01:08:24

Health: -1/78      AC:  9    Str:  4    XL:     13   Next: 14%
Magic:  12/24      EV: 20    Int: 32    God:    Wu Jian [*****.]
Gold:   1367       SH:  0    Dex: 23    Spells: 13/27 levels left

rFire   . . .      SeeInvis +   b - +2 short sword (drain)
rCold   . . .      Faith    +   (no shield)
rNeg    . . .      Spirit   .   C - +1 leather armour "Plog" {Str-2 Int+6 Dex+7}
rPois   .          Reflect  .   Q - +1 hat of Rationality {Will+ SInv}
rElec   .          Harm     .   (no cloak)
rCorr   .          Rampage  .   F - +0 pair of gloves
Will    +....                   t - +1 pair of boots
Stlth   ++++++....              d - amulet of faith
HPRegen 0.23/turn               W - +4 ring of slaying
MPRegen 0.19/turn               v - +6 ring of intelligence

@: confusing by touch
A: small, no large weapons, nightstalker 3
a: Renounce Religion, Wall Jump, Serpent's Lash, Heavenly Storm


You were on level 1 of the Orcish Mines.
You worshipped Wu Jian.
Wu Jian was extremely pleased with you.
You visited 3 branches of the dungeon, and saw 14 of its levels.
You also visited: Sewer.

You collected 1367 gold pieces.

Inventory:

Hand Weapons
 b - a +2 short sword of draining (weapon)
 o - a +0 hand crossbow
 B - a +2 dagger of speed
 G - a +2 dagger of holy wrath
 L - a +1 short sword of holy wrath
Armour
 t - a +1 pair of boots (worn)
 C - the +1 leather armour "Plog" (worn) {Str-2 Int+6 Dex+7}
   (You found it on level 4 of the Dungeon)

   Str:       It affects your strength (-2).
   Int:       It affects your intelligence (+6).
   Dex:       It affects your dexterity (+7).
 F - a +0 pair of gloves (worn)
 Q - the +1 hat of Rationality (worn) {Will+ SInv}
   (You acquired it on level 9 of the Dungeon)

   SInv:      It lets you see invisible.
   Will:      It increases your willpower.
 V - a +0 troll leather armour
Jewellery
 d - an amulet of faith (around neck)
 e - a +6 ring of strength
 v - a +6 ring of intelligence (right hand)
 x - a ring of ice
 P - an amulet of regeneration
 T - a ring of willpower
 W - a +4 ring of slaying (left hand)
Wands
 y - a wand of charming (11)
 D - a wand of iceblast (15)
 J - a wand of digging (4)
 M - a wand of paralysis (10)
 R - a wand of mindburst (23)
Scrolls
 a - 2 scrolls of brand weapon {unknown}
 f - 2 scrolls of blinking
 g - 3 scrolls of vulnerability
 h - 4 scrolls of enchant weapon
 k - 10 scrolls of teleportation
 n - 3 scrolls of magic mapping
 p - 2 scrolls of noise {unknown}
 q - a scroll of fog {unknown}
 s - 2 scrolls of identify
 u - a scroll of summoning {unknown}
 H - a scroll of poison {unknown}
 I - a scroll of fear {unknown}
 K - a scroll of immolation
 N - a scroll of enchant armour
Potions
 c - 2 potions of invisibility
 i - 5 potions of heal wounds
 j - 6 potions of attraction
 l - 8 potions of curing
 m - 2 potions of flight {unknown}
 r - a potion of lignification {unknown}
 w - 2 potions of mutation {unknown}
 z - 2 potions of haste {unknown}
 A - 3 potions of degeneration {unknown}
 E - 2 potions of berserk rage {unknown}
 O - a potion of might {unknown}
 S - a potion of cancellation {unknown}
 U - 2 potions of brilliance


   Skills:
 + Level 8.0 Fighting
 + Level 9.4 Short Blades
 - Level 5.0 Armour
 + Level 9.0 Dodging
 + Level 10.9 Stealth
 + Level 7.5 Spellcasting
 * Level 10.7 Hexes
 + Level 6.6 Ice Magic


You had 13 spell levels left.
You knew the following spells:

 Your Spells              Type           Power      Damage    Failure   Level
a - Ensorcelled Hibernat  Hex/Ice        100%       N/A       1%          2
b - Confusing Touch       Hex            69%        N/A       1%          3
c - Tukima's Dance        Hex            69%        N/A       1%          3
d - Dazzling Flash        Conj/Hex       92%        N/A       2%          3
e - Frozen Ramparts       Ice            100%       1d12      1%          3

Your spell library contained the following spells:

 Spells                   Type           Power      Damage    Failure   Level
 Freeze                   Ice            100%       1d11      1%          1
 Slow                     Hex            100%       N/A       1%          1
 Magic Dart               Conj           48%        1d5       7%          1
 Call Imp                 Summ           12%        N/A       10%         2
 Hailstorm                Conj/Ice       33%        3d8       17%         4
 Gell's Gravitas          Tloc           12%        N/A       21%         3
 Mephitic Cloud           Conj/Pois/Air  12%        N/A       21%         3
 Teleport Other           Tloc           12%        N/A       21%         3
 Vampiric Draining        Necr           12%        2d6       21%         3
 Yara's Violent Unravell  Hex/Tmut       23%        3d10      21%         5
 Summon Lightning Spire   Summ/Air       12%        N/A       54%         4
 Enfeeble                 Hex            34%        N/A       56%         7
 Discord                  Hex            34%        N/A       99%         8
 Conjure Ball Lightning   Conj/Air       6%         3x3d6     100%        6
 Dispersal                Tloc           6%         N/A       100%        6
 Storm Form               Tmut/Air       6%         N/A       100%        7
 Disjunction              Tloc           6%         N/A       100%        8
 Maxwell's Capacitive Co  Air            6%         ∞         100%        8


Dungeon Overview and Level Annotations

Branches:
Dungeon (12/15)            Temple (1/1) D:6            Lair (0/6) D:11
    Orc (1/2) D:12          Sewer (visited)

Altars:
Ashenzari
Cheibriados
Dithmenos
Elyvilon
Fedhas
Gozag
Hepliaklqana
Kikubaaqudgha
Makhleb
Nemelex Xobeh
Okawaru
Qazlal
Ru
Sif Muna
Trog
Uskayaw
Vehumet
Wu Jian
Xom
Yredelemnul
Zin
The Shining One

Shops:
D:5 [   D:9 (


Innate Abilities, Weirdness & Mutations

You are small and have problems with some larger weapons.
You are completely attuned to the shadows.


Message History

Casting: Frozen Ramparts (safe; 1% risk of failure)
Confirm with . or Enter, or press ? or * to list all spells.
Your hands begin to glow red.
The wall freezes the orc knight.
The orc knight hits you with a +0 dire flail!
You hit the orc knight but do no damage.
The orc knight appears confused.
The orc knight is heavily wounded.
The wall freezes the orc knight!
The wall freezes the troll.
Aiming: Ensorcelled Hibernation (safe; 1% risk of failure)
Press: ? - help, Q - select action, (/) - cycle Shift-Dir - straight line, f - troll
Aim: a troll (heavily wounded, chance to affect: 71%)
The troll looks drowsy...
The wall freezes the orc knight.
The wall freezes the troll.
The troll shouts!
The troll barely misses you. The troll claws you. The troll closely misses you.
Casting: Ensorcelled Hibernation (safe; 1% risk of failure)
Confirm with . or Enter, or press ? or * to list all spells.
Your hands begin to glow red.
The wall freezes the orc knight.
The orc knight hits you with a +0 dire flail!!
* * * LOW HITPOINT WARNING * * *
The wall freezes the troll!
The troll bites you.
* * * LOW HITPOINT WARNING * * *
The troll misses you. The troll completely misses you.
Blink to where?
Press: ? - help, Dir - move target, p - troll Your frozen ramparts will break if you move.
Continue?
Uppercase [Y]es or [N]o only, please.
Your frozen ramparts will break if you move.
Continue?
The frozen ramparts melt away as you move.
As you read the scroll of blinking, it crumbles to dust.
Aiming: Ensorcelled Hibernation (safe; 1% risk of failure)
Press: ? - help, Q - select action, (/) - cycle Shift-Dir - straight line, f - troll
Aim: a troll (severely wounded, chance to confuse on hit: 78%, not susceptible)
The troll is unaffected.
Aiming: Ensorcelled Hibernation (safe; 1% risk of failure)
Press: ? - help, Q - select action, (/) - cycle Shift-Dir - straight line, f/p - troll
Aim: a troll (severely wounded, chance to confuse on hit: 78%, not susceptible)
The troll is unaffected.
The troll bites you!
You die...

##......# ##...##
.....#..## #.###
....##...#####
...###....## ###
....#......#
##..###.......#.##
#..>.##......####
.#....####...##
........#..@..#
.........#T.###
#...####.....#.# #
#....####....###
#.#.....##...#.#
...$)...#....###
....$.$$#...##
..####.)†o###
#.....#


You could see a troll.

Vanquished Creatures
  Frances (D:12)
  A centaur warrior (D:9)
  2 two-headed ogres (D:7)
  Sonja (D:10)
  Amaemon (D:10)
  3 manticores
  3 cyclopes
  An ugly thing (D:12)
  Joseph (D:10)
  An orange demon (D:10)
  A gargoyle (D:12)
  2 kobold demonologists
  An efreet (D:9)
  A komodo dragon (D:11)
  An unseen horror (D:12)
  7 trolls
  A hornet (D:11)
  A hornet (shapeshifter) (D:9)
  3 shadows
  Sigmund (D:6)
  3 wyverns
  2 vampires
  A water elemental (D:11)
  14 yaks
  A steam dragon (D:8)
  6 vampire mosquitoes
  A warg (Orc:1)
  An acid dragon (D:11)
  4 water moccasins
  8 orc warriors
  An ice beast (D:5)
  3 centaurs
  3 kobold brigands
  2 phantoms
  Blork the orc (D:6)
  5 bullfrogs
  3 necrophages
  4 scorpions
  10 wights
  17 killer bees
  A troll zombie (D:12)
  5 howler monkeys
  3 jellies
  5 orc priests
  2 hounds (D:6)
  2 gnoll shamans
  4 iguanas
  13 orc wizards
  7 ogre zombies (D:12)
  8 gnolls
  22 adders
  2 river rats (D:3)
  A shadow imp (D:5)
  A white imp (D:8)
  4 worms
  4 dart slugs
  38 orcs
  16 ball pythons
  14 endoplasms
  7 giant cockroaches
  4 goblins
  3 hobgoblins
  3 jackals (D:5)
  22 kobolds
  19 quokkas
  4 bats
  5 frilled lizards
  2 goblin skeletons (D:12)
  3 goblin zombies (D:12)
  2 hobgoblin skeletons (D:12)
  3 hobgoblin zombies (D:12)
  2 orc skeletons (D:12)
  13 orc zombies (D:12)
  6 rats
374 creatures vanquished.

Vanquished Creatures (collateral kills)
  Ijyb (D:4)
  A kobold (D:6)
2 creatures vanquished.

Vanquished Creatures (others)
  11 plants
11 creatures vanquished.

Grand Total: 387 creatures vanquished

Notes
Turn   | Place    | Note
-------+----------+-------------------------------------------
     0 | D:1      | happo123 the Kobold Enchanter began the quest for the Orb.
     0 | D:1      | Reached XP level 1. HP: 10/10 MP: 3/3
   564 | D:1      | Found a faded altar of an unknown god.
   568 | D:1      | Reached XP level 2. HP: 15/15 MP: 5/5
   591 | D:1      | Learned a level 2 spell: Ensorcelled Hibernation
  1060 | D:1      | Reached XP level 3. HP: 20/20 MP: 6/6
  1064 | D:1      | Learned a level 3 spell: Confusing Touch
  1593 | D:2      | Reached XP level 4. HP: 13/24 MP: 2/7
  2194 | D:2      | Reached skill level 1 in Fighting
  2401 | D:3      | Reached XP level 5. HP: 14/29 MP: 0/9
  2527 | D:3      | Found a glowing drain.
  2533 | Sewer    | Entered a sewer
  2943 | Sewer    | Reached XP level 6. HP: 34/35 MP: 2/10
  2963 | Sewer    | Learned a level 3 spell: Tukima's Dance
  3317 | Sewer    | Reached skill level 5 in Stealth
  3392 | D:3      | Reached XP level 7. HP: 36/40 MP: 2/12
  3685 | D:3      | Found a white marble altar of Elyvilon.
  3712 | D:3      | Found a glowing silver altar of Zin.
  4192 | D:4      | Noticed Ijyb
  4216 | D:4      | Killed Ijyb
  4217 | D:4      | Reached skill level 5 in Hexes
  4291 | D:4      | Identified the +1 leather armour "Plog" {Str-2 Int+6 Dex+7}
  4355 | D:4      | Noticed a wyvern
  4357 | D:4      | Killed a wyvern
  4358 | D:4      | Reached skill level 1 in Ice Magic
  4426 | D:4      | Found a basalt altar of Yredelemnul.
  4429 | D:4      | Found a broken altar of Ashenzari.
  4431 | D:4      | Found a bloodstained altar of Trog.
  4487 | D:4      | Found an ornate altar of the Wu Jian Council.
  4490 | D:4      | Became a worshipper of the Wu Jian Council
  4542 | D:4      | Reached XP level 8. HP: 45/45 MP: 10/13
  5055 | D:5      | Entered Level 5 of the Dungeon
  5068 | D:5      | Noticed a yak
  5068 | D:5      | Noticed a yak
  5069 | D:5      | Noticed a yak
  5069 | D:5      | Noticed a yak
  5069 | D:5      | Noticed a yak
  5069 | D:5      | Noticed a yak
  5082 | D:5      | Killed a yak
  5083 | D:5      | Reached skill level 1 in Armour
  5086 | D:5      | Killed a yak
  5089 | D:5      | Killed a yak
  5092 | D:5      | Killed a yak
  5194 | D:5      | Killed a yak
  5195 | D:5      | Reached skill level 5 in Dodging
  5195 | D:5      | Reached XP level 9. HP: 43/52 MP: 8/15
  5197 | D:5      | Reached skill level 5 in Short Blades
  5260 | D:5      | Learned a level 3 spell: Dazzling Flash
  5264 | D:5      | Learned a level 3 spell: Frozen Ramparts
  5442 | D:5      | Identified the +5 whip "Amibbuec" {flame, *Noise rElec rF-
                  | Str+8}
  5672 | D:5      | Found a stormy altar of Qazlal.
  6016 | D:5      | Found Ideloem's Armour Emporium.
  6427 | D:6      | Noticed Sigmund
  6430 | D:6      | Killed Sigmund
  6523 | D:6      | Found a staircase to the Ecumenical Temple.
  6555 | Temple   | Entered the Ecumenical Temple
  6908 | D:6      | Noticed Blork the orc
  6911 | D:6      | Killed Blork the orc
  6912 | D:6      | You fall into a shaft and drop 3 floors!
  6912 | D:9      | Found a radiant altar of Vehumet.
  6913 | D:9      | Found a glowing golden altar of the Shining One.
  7065 | D:6      | Reached * piety under Wu Jian
  7428 | D:6      | Reached XP level 10. HP: 58/58 MP: 17/17
  7602 | D:6      | Reached skill level 5 in Spellcasting
  8187 | D:7      | Reached skill level 5 in Fighting
  8219 | D:7      | Noticed a manticore
  8342 | D:7      | Noticed a two-headed ogre
  8346 | D:7      | Killed a two-headed ogre
  8654 | D:7      | Reached ** piety under Wu Jian
  8848 | D:7      | Noticed a two-headed ogre
  8853 | D:7      | Killed a two-headed ogre
  9131 | D:7      | Killed a manticore
  9132 | D:7      | Reached XP level 11. HP: 39/64 MP: 12/19
 10069 | D:8      | Reached *** piety under Wu Jian
 10735 | D:9      | Found Icruegec's Antique Weapon Shoppe.
 10807 | D:9      | Reached skill level 5 in Ice Magic
 11220 | D:9      | Reached **** piety under Wu Jian
 11236 | D:9      | Noticed a centaur warrior
 11266 | D:9      | Killed a centaur warrior
 12168 | D:9      | Identified a scroll of acquirement
 12171 | D:9      | Acquired the +1 hat of Rationality {Will+ SInv}
 12221 | D:10     | Entered Level 10 of the Dungeon
 12240 | D:10     | Identified the +0 scale mail of Xonniv Ruude {Rampage rPois
                  | Dex+3}
 12488 | D:10     | Noticed Amaemon
 12490 | D:10     | Killed Amaemon
 12491 | D:10     | Reached XP level 12. HP: 71/71 MP: 21/21
 12594 | D:10     | Noticed Sonja
 12599 | D:10     | Killed Sonja
 12658 | D:10     | Identified the +1 leather armour of Voyffun {-Cast rElec
                  | rF+}
 12967 | D:10     | Noticed Joseph
 12971 | D:10     | Killed Joseph
 12972 | D:10     | Reached skill level 10 in Stealth
 13661 | D:11     | Reached ***** piety under Wu Jian
 14069 | D:11     | Reached skill level 5 in Armour
 14069 | D:11     | Reached skill level 10 in Hexes
 14318 | D:11     | Found a staircase to the Lair.
 14703 | D:12     | Noticed Frances
 14707 | D:12     | Noticed a sixfirhy
 14707 | D:12     | Killed Frances
 15386 | D:12     | Reached XP level 13. HP: 57/78 MP: 15/24
 15477 | D:12     | Found a staircase to the Orcish Mines.
 16282 | Orc:1    | Entered Level 1 of the Orcish Mines
 16480 | Orc:1    | Slain by a troll

Illustrated notes

Levels and vault maps discovered:
D:1:      lightli_molten_gateway, layout_basic, ebering_ecumenical_altar_rust,
          hangedman_decor_clover_reticule
D:2:      layout_basic, serial_forest, infiniplex_forest_lined_2,
          infiniplex_forest_clump_double, infiniplex_forest_lined_3_way,
          infiniplex_forest_straight_2, infiniplex_forest_straight_4,
          infiniplex_forest_straight_4, infiniplex_forest_straight_1,
          infiniplex_forest_straight_3, infiniplex_forest_clump_small,
          st_stairs_5
D:3:      layout_basic, elyvilon_altar_1, mainiacjoe_overflow_tiny_flanked,
          lightli_sewer_entry_pipes
D:4:      layout_loops_ring, minitemple, kennysheep_mini_moat, uniq_ijyb
D:5:      layout_basic, lemuel_doored_altar, serial_shops,
          nicolae_shop_temple_entry_statues_fountains, grunt_decor_clamped,
          st_stairs_4, hangedman_abyss_or_decor_stagger
D:6:      layout_basic, minmay_temple_entry_slanted, uniq_sigmund,
          uniq_blork_the_orc
D:7:      nicolae_cairo_tiling_large, layout_basic, minmay_shattered_shrine
D:8:      layout_basic, nicolae_wwwww, minmay_misc_feat_secret_circle,
          minmay_misc_feat_more_columns
D:9:      layout_roguey, jmf_multi_god_temple, serial_shops,
          nicolae_shop_statue_plus, grunt_tough_drop
D:10:     layout_grid_maze, uniq_amaemon, uniq_joseph, uniq_sonja
D:11:     layout_roguey, david_lair_shrubbed, kennysheep_minor_cross
D:12:     layout_cave_pods, zombieorc2_lemuel, uniq_frances
Temple:   dshaligram_water_room_temple
Orc:1:    layout_diamond_mine

Skill      XL: |  1  2  3  4  5  6  7  8  9 10 11 12 13 |
---------------+----------------------------------------+-----
Short Blades   | 2 3 4 5 7 8 9 |  9.4
Fighting       | 1 2 3 4 5 6 7 8 |  8.0
Dodging        | 3 4 5 6 7 8 9 |  9.0
Hexes          | 4 5 6 7 8 9 10 | 10.7
Spellcasting   | 3 4 5 6 7 |  7.5
Stealth        | 5 6 7 8 9 10 | 10.9
Ice Magic      | 1 2 3 4 5 6 |  6.6
Armour         | 1 2 3 4 5 |  5.0

Action                   |  1- 3 |  4- 6 |  7- 9 | 10-12 | 13-15 || total
-------------------------+-------+-------+-------+-------+-------++-------
Melee: Dagger            |    65 |   133 |   122 |   246 |       ||   566
       Punch             |       |     2 |       |     3 |     1 ||     6
       Short sword       |       |       |       |   147 |    78 ||   225
 Cast: Ensorcelled Hiber |     7 |    44 |    35 |    52 |     6 ||   144
       Tukima's Dance    |       |       |     3 |     3 |       ||     6
       Confusing Touch   |       |       |     3 |    25 |     7 ||    35
       Frozen Ramparts   |       |       |     1 |    20 |     3 ||    24
Invok: Lunge             |       |       |    26 |    79 |    16 ||   121
       Whirlwind         |       |       |     4 |    33 |     1 ||    38
       Serpent's Lash    |       |       |       |     2 |       ||     2
 Abil: Wall Jump         |       |       |       |     1 |       ||     1
  Use: Scroll            |       |       |       |    13 |     1 ||    14
       Potion            |       |       |       |     1 |       ||     1
 Stab: Sleeping          |    22 |    47 |    54 |    86 |    10 ||   219
       Confused          |       |       |     2 |    20 |     2 ||    24
       Distracted        |       |       |     1 |     4 |     2 ||     7
Armor: Robe              |     5 |    17 |    12 |       |       ||    34
       Leather armour    |       |       |    11 |    33 |    10 ||    54
Dodge: Dodged            |    45 |   119 |    54 |   167 |    33 ||   418

Table legend: (Time is in decaauts)
 A = Elapsed time spent in this place.
 B = Non-inter-level travel time spent in this place.
 C = Inter-level travel time spent in this place.
 D = Time resting spent in this place.
 E = Time spent auto-exploring this place.
 F = Levels seen in this place.
 G = Mean time per level.
                   A        B        C        D        E       F      G
               +--------+--------+--------+--------+--------+-----+--------+
         Total |  16406 |  14809 |   1597 |   1257 |  10949 |  15 | 1093.7 |
       Dungeon |  15045 |  13615 |   1430 |    775 |  10695 |  12 | 1253.8 |
        Temple |    283 |    262 |     21 |      0 |    248 |   1 |  283.0 |
  Orcish Mines |    194 |     48 |    146 |      0 |      0 |   1 |  194.0 |
         Sewer |    882 |    882 |      0 |    482 |      6 |   1 |  882.0 |
               +--------+--------+--------+--------+--------+-----+--------+

Top non-repeatable levels by time:
     D:7: 1696 daAuts
     D:9: 1587 daAuts
    D:12: 1524 daAuts
     D:6: 1259 daAuts
     D:1: 1252 daAuts
    D:11: 1235 daAuts
     D:5: 1224 daAuts
    D:10: 1201 daAuts
     D:2: 1077 daAuts
     D:3: 1055 daAuts
     D:4: 990 daAuts
     D:8: 940 daAuts
   Sewer: 882 daAuts
  Temple: 283 daAuts
   Orc:1: 194 daAuts
